 Dungeon Crawl Stone Soup version 0.31-a0-853-gc9b61b78f7 (webtiles) character file.

Game seed: 5655568395679005112

20714 BinkBink the Severer (level 12, -2/110 HPs)
             Began as a Minotaur Monk on Oct 8, 2023.
             Was a High Priest of Qazlal.
             Slain by Jorgrun
             ... wielding a +0 heavy quarterstaff
              (19 damage)
             ... on level 1 of the Orcish Mines.
             The game lasted 00:23:24 (12385 turns).

BinkBink the Severer (Minotaur Monk)               Turns: 12385, Time: 00:23:24

Health: -2/110     AC: 23    Str: 20    XL:     12   Next: 47%
Magic:  11/11      EV:  5    Int:  7    God:    Qazlal [*****.]
Gold:   1003       SH: 23    Dex: 14    Spells: 11/11 levels left

rFire   + . .        L - +8 mithril axe "Arga" {speed, Will+}
rCold   + . .        P - +0 tower shield
rNeg    . . .        O - +2 plate armour {rF+}
rPois   .            (helmet restricted)
rElec   .            (no cloak)
rCorr   .            (no gloves)
SInv    .            (no boots)
Will    +....        (no amulet) Stlth
                     E - +4 ring of protection
HPRegen 0.38/turn    z - ring of protection from cold
MPRegen 0.12/turn

%: repel missiles
@: grasped by roots, protected from physical damage, constricted
A: horns 2, retaliatory headbutt
a: Renounce Religion, Upheaval, Elemental Force, Disaster Area


You were on level 1 of the Orcish Mines.
You worshipped Qazlal.
Qazlal was extremely pleased with you.
You visited 3 branches of the dungeon, and saw 14 of its levels.
You also visited: Bailey.

You collected 1003 gold pieces.

Inventory:

Hand Weapons
 s - a +3 hand axe of protection
 L - the +8 mithril axe "Arga" (weapon) {speed, Will+}
   (You found it on level 8 of the Dungeon)

   Will+:     It increases your willpower.
Missiles
 G - 3 throwing nets
Armour
 d - an orb of light
 f - the +1 fire dragon scales of Eternal Vigilance {Rampage rF++ rC- Regen+}
   (You found it in a bailey)

   rF++:      It greatly protects you from fire.
   rC-:       It makes you vulnerable to cold.
   Regen+:    It increases your rate of health regeneration.
   Rampage:   It bestows one free step when moving towards enemies.
 C - a +0 kite shield
 O - a +2 plate armour of fire resistance (worn)
 P - a +0 tower shield (worn)
Jewellery
 y - a ring of protection from fire
 z - a ring of protection from cold (right hand)
 E - a +4 ring of protection (left hand)
 I - a ring of magical power
 N - a +6 ring of intelligence
Wands
 b - a wand of roots (4)
 r - a wand of mindburst (23)
 u - a wand of quicksilver (22)
 x - a wand of flame (12)
Scrolls
 a - 5 scrolls of poison
 g - 5 scrolls of teleportation
 i - 2 scrolls of enchant armour
 k - 2 scrolls of noise
 q - 4 scrolls of blinking
 w - a scroll of silence
 A - 2 scrolls of immolation
 F - a scroll of fog
 K - a scroll of fear
 M - a scroll of enchant weapon
Potions
 c - 2 potions of enlightenment
 e - a potion of haste {unknown}
 l - a potion of berserk rage {unknown}
 m - a potion of mutation {unknown}
 n - 3 potions of brilliance
 o - a potion of attraction {unknown}
 p - a potion of lignification {unknown}
 t - 2 potions of curing
 v - a potion of heal wounds {unknown}
 B - a potion of might {unknown}
 D - a potion of resistance {unknown}
 J - a potion of ambrosia


   Skills:
 + Level 11.2 Fighting
 * Level 15.2 Axes
 + Level 10.5 Armour
 + Level 10.2 Dodging
 + Level 8.7 Shields


You had 11 spell levels left.
You didn't know any spells.
Your spell library contained the following spells:

 Spells                   Type           Power      Damage    Failure   Level
 Blink                    Tloc           0%         N/A       100%        2
 Frozen Ramparts          Ice            0%         1d1       100%        3
 Manifold Assault         Tloc           0%         N/A       100%        4
 Petrify                  Tmut/Erth      0%         N/A       100%        4
 Vhi's Electric Charge    Tloc/Air       0%         N/A       100%        4
 Arcjolt                  Conj/Air       0%         1d10      100%        5
 Metabolic Englaciation   Hex/Ice        0%         N/A       100%        5
 Plasma Beam              Fire/Air       0%         2x1d10    100%        6
 Maxwell's Capacitive Co  Air            0%         ∞         100%        8


Dungeon Overview and Level Annotations

Branches:
Dungeon (12/15)            Temple (1/1) D:4            Lair (0/5) D:11
    Orc (1/2) D:12         Bailey (visited)

Altars:
Ashenzari
Cheibriados
Dithmenos
Elyvilon
Fedhas
Gozag
Hepliaklqana
Kikubaaqudgha
Makhleb
Nemelex Xobeh
Okawaru
Qazlal
Ru
Sif Muna
Trog
Uskayaw
Vehumet
Wu Jian
Xom
Yredelemnul
Zin
The Shining One

Shops:
D:2 !   D:3 =(:

Annotations:
D:5 3 runed translucent doors, BinkBink's ghost, novice GrMo
Orc:1 Jorgrun


Innate Abilities, Weirdness & Mutations

You have a pair of horns on your head.
You reflexively headbutt those who attack you in melee.


Message History

You miss Jorgrun. You headbutt Jorgrun!
Jorgrun is heavily wounded.
You block the orc warrior's attack. Jorgrun gestures at you while chanting.
Roots burst forth from the earth!
The grasping roots grab you! The grasping roots constrict you.
Unknown command.
You slice Jorgrun!!
Jorgrun is severely wounded.
You block the orc warrior's attack. Jorgrun hits you but does no damage.
The grasping roots constrict you.
You slash Jorgrun! Your headbutt misses Jorgrun.
Jorgrun is almost dead.
You block the orc warrior's attack.
You closely miss Jorgrun. Your headbutt misses Jorgrun.
Jorgrun is almost dead.
You block Jorgrun's attack. The grasping roots constrict you!
You block the orc warrior's attack.
You barely miss Jorgrun. You headbutt Jorgrun!
Jorgrun is almost dead.
Unknown command.
You completely miss Jorgrun.
Jorgrun is almost dead.
You block the orc warrior's attack. Jorgrun casts a spell at you.
You easily resist.
The grasping roots constrict you!
* * * LOW HITPOINT WARNING * * *
You barely miss Jorgrun. Your headbutt misses Jorgrun.
Jorgrun is almost dead.
The orc warrior hits you from afar with a +0 trident.
* * * LOW HITPOINT WARNING * * *
You block Jorgrun's attack. The grasping roots constrict you.
You hit Jorgrun but do no damage.
Jorgrun is almost dead.
You block the orc warrior's attack.
You barely miss Jorgrun.
Jorgrun is almost dead.
Jorgrun hits you with a +0 heavy quarterstaff!!
You die...

# #. ### #. ##.##
#.. #...##
##..#.)).# #.
##......§#### ....
#.....[.☼.#g#.....
##....#...@§......
##.. ##.))§......
#. #°.°☼o..>.. #
#..........
#..#...#...
#..........
#..........
#.....##.. #......
..


You could see Jorgrun and an orc warrior.

Vanquished Creatures
  An orc warlord (D:11)
  Azrael (D:12)
  A two-headed ogre (D:11)
  A centaur warrior (D:10)
  An orc high priest (D:12)
  A tengu warrior (D:9)
  Amaemon (D:9)
  Pikel (D:4)
  A wizard (D:10)
  3 ugly things (D:9)
  2 manticores
  A wolf spider (D:9)
  Maggie (D:9)
  An orange demon (D:9)
  Psyche (D:8)
  An unseen horror (D:11)
  A komodo dragon (D:11)
  2 tengu conjurers (D:10)
  A kobold demonologist (D:10)
  A queen bee (D:8)
  2 meliai
  3 trolls
  Prince Ribbit (D:8)
  A shadow (D:9)
  Sigmund (D:3)
  3 wyverns
  8 yaks
  A wraith (D:12)
  Eustachio (D:5)
  A vampire (D:11)
  2 vampire mosquitoes (D:12)
  5 fire elementals (D:11)
  A warg (D:12)
  3 hell hounds
  An acid dragon (D:10)
  A water moccasin (D:8)
  7 orc warriors
  2 ice beasts
  2 black bears
  5 wolves (Bailey)
  2 centaurs
  4 ogres
  2 phantoms
  10 gnoll sergeants
  A scorpion (D:6)
  5 wights (D:9)
  14 killer bees
  5 howler monkeys
  3 jellies (D:6)
  6 gnoll boudas (Bailey)
  10 orc priests
  6 hounds
  A sleepcap (D:5)
  16 orc wizards
  3 iguanas (D:6)
  Ijyb (D:3)
  22 gnolls
  11 adders
  2 shadow imps
  A white imp (D:6)
  3 ufetubi
  2 worms
  4 dart slugs
  69 orcs
  14 bats
  7 endoplasms
  3 giant cockroaches (D:2)
  10 hobgoblins
  6 kobolds
  4 quokkas
  2 ball pythons
  10 goblins
  3 rats
337 creatures vanquished.

Vanquished Creatures (others)
  A vampire (D:10)
1 creature vanquished.

Grand Total: 338 creatures vanquished

Notes
Turn   | Place    | Note
-------+----------+-------------------------------------------
     0 | D:1      | BinkBink the Minotaur Monk began the quest for the Orb.
     0 | D:1      | Reached XP level 1. HP: 19/19 MP: 0/0
   321 | D:1      | Reached XP level 2. HP: 24/27 MP: 1/1
   412 | D:1      | Reached skill level 4 in Axes
   961 | D:2      | Identified the +0 scale mail of Ezytuitt {rC- rN+ Will+}
  1070 | D:2      | Reached XP level 3. HP: 33/33 MP: 2/2
  1075 | D:2      | Found Sompova's Distillery.
  1246 | D:2      | Reached skill level 1 in Armour
  1367 | D:2      | Found a faded altar of an unknown god.
  2037 | D:3      | Found Dauby's Jewellery Shoppe.
  2041 | D:3      | Reached XP level 4. HP: 40/40 MP: 3/3
  2058 | D:3      | Noticed Sigmund
  2070 | D:3      | Reached skill level 5 in Axes
  2076 | D:3      | Killed Sigmund
  2077 | D:3      | Reached XP level 5. HP: 25/47 MP: 4/4
  2077 | D:3      | Reached XP level 6. HP: 30/55 MP: 5/5
  2216 | D:3      | Found a glowing golden altar of the Shining One.
  2228 | D:3      | Found a basalt altar of Yredelemnul.
  2232 | D:3      | Noticed an angel
  2246 | D:3      | Noticed a profane servitor
  2277 | D:3      | Found Eduwk's Antique Weapon Shoppe.
  2288 | D:3      | Reached skill level 5 in Fighting
  2307 | D:3      | Found Uxiraq's Book Shoppe.
  2317 | D:3      | Noticed Ijyb
  2329 | D:3      | Killed Ijyb
  2330 | D:3      | Reached skill level 6 in Axes
  2484 | D:3      | You fall into a shaft and drop 2 floors!
  2484 | D:5      | Entered Level 5 of the Dungeon
  2670 | D:4      | Noticed Pikel
  2693 | D:4      | Killed Pikel
  2694 | D:4      | Reached skill level 7 in Axes
  2694 | D:4      | Reached skill level 5 in Dodging
  2694 | D:4      | Reached XP level 7. HP: 34/62 MP: 6/6
  2803 | D:4      | Found a staircase to the Ecumenical Temple.
  2814 | Temple   | Entered the Ecumenical Temple
  2836 | Temple   | Became a worshipper of Qazlal Stormbringer
  2836 | Temple   | Reached * piety under Qazlal
  2836 | Temple   | Reached ** piety under Qazlal
  3552 | D:5      | Reached XP level 8. HP: 50/70 MP: 7/7
  3622 | D:5      | Reached skill level 8 in Axes
  4239 | D:5      | Noticed Eustachio
  4275 | D:5      | Killed Eustachio
  4276 | D:5      | Reached skill level 5 in Armour
  4412 | D:5      | Reached skill level 9 in Axes
  4412 | D:5      | Reached skill level 1 in Shields
  4660 | D:5      | Found a runed translucent gate.
  4660 | D:5      | Found a runed translucent gate.
  4660 | D:5      | Found a runed translucent gate.
  4661 | D:5      | Found an opulent altar of Gozag.
  4662 | D:5      | Noticed BinkBink's ghost (novice GrMo)
  4956 | D:6      | Reached XP level 9. HP: 68/79 MP: 8/8
  5588 | D:6      | Reached *** piety under Qazlal
  5590 | D:6      | Reached skill level 10 in Axes
  5868 | D:7      | Found a flagged portal.
  5882 | Bailey   | Entered a bailey
  6817 | Bailey   | Reached skill level 11 in Axes
  6967 | Bailey   | Identified the +1 fire dragon scales of Eternal Vigilance
                  | {Rampage rF++ rC- Regen+}
  7267 | D:7      | Reached **** piety under Qazlal
  7385 | D:7      | Reached XP level 10. HP: 75/88 MP: 9/9
  7630 | D:8      | Noticed Prince Ribbit
  7639 | D:8      | Killed Prince Ribbit
  7757 | D:8      | Found the +8 mithril axe "Arga" {speed, Will+}
  7840 | D:8      | Noticed Psyche
  7845 | D:8      | Killed Psyche
  8044 | D:8      | Reached skill level 5 in Shields
  8195 | D:9      | Reached skill level 12 in Axes
  8272 | D:9      | Noticed Maggie
  8283 | D:9      | Killed Maggie
  8486 | D:9      | Noticed Amaemon
  8486 | D:9      | Noticed an orange demon
  8494 | D:9      | Killed Amaemon
  8498 | D:9      | Killed an orange demon
  8949 | D:10     | Entered Level 10 of the Dungeon
  8951 | D:10     | Noticed a rust devil
  9003 | D:10     | Noticed a red ugly thing
  9004 | D:10     | Noticed a centaur warrior
  9006 | D:10     | Reached XP level 11. HP: 42/97 MP: 10/10
  9080 | D:10     | Noticed a brown ugly thing
  9091 | D:9      | Killed a red ugly thing
  9098 | D:10     | Noticed a green ugly thing
  9107 | D:9      | Killed a brown ugly thing
  9120 | D:9      | Killed a green ugly thing
  9121 | D:9      | Reached skill level 13 in Axes
  9181 | D:10     | Noticed a wizard
  9192 | D:10     | Noticed a tengu warrior
  9208 | D:9      | Killed a tengu warrior
  9303 | D:10     | Noticed a wolf spider
  9304 | D:10     | Reached skill level 10 in Fighting
  9376 | D:9      | Killed a wolf spider
  9515 | D:10     | Found an ancient bone altar of Kikubaaqudgha.
  9601 | D:10     | Killed a centaur warrior
  9616 | D:10     | Killed a wizard
  9832 | D:10     | Reached ***** piety under Qazlal
 10145 | D:11     | Reached skill level 14 in Axes
 10421 | D:11     | Noticed a two-headed ogre
 10425 | D:11     | Killed a two-headed ogre
 10471 | D:11     | Found a staircase to the Lair.
 10684 | D:11     | Reached XP level 12. HP: 96/108 MP: 11/11
 10939 | D:12     | Noticed Azrael
 10992 | D:11     | Reached skill level 10 in Armour
 11014 | D:12     | Killed Azrael
 11119 | D:12     | Reached skill level 10 in Dodging
 11138 | D:12     | Found a staircase to the Orcish Mines.
 11643 | Orc:1    | Entered Level 1 of the Orcish Mines
 11646 | Orc:1    | Noticed an orc warlord
 11732 | Orc:1    | Noticed an orc high priest
 11860 | D:11     | Killed an orc warlord
 11861 | D:11     | Reached skill level 15 in Axes
 12108 | Orc:1    | Noticed Jorgrun
 12173 | D:12     | Killed an orc high priest
 12385 | Orc:1    | Slain by Jorgrun

Illustrated notes

Levels and vault maps discovered:
D:1:      minmay_arrival_diagonal_passages, layout_basic
D:2:      layout_basic, serial_shops, shop, hellmonk_ecumenical_altar_lost_god
D:3:      layout_rooms, grunt_temple_overflow_holy_war, serial_shops,
          nicolae_shop_tiny_statue_garden, nicolae_shop_trees, shop,
          roderic_batcave, uniq_ijyb, uniq_crazy_yiuf_cottage, uniq_sigmund
D:4:      layout_basic, minmay_temple_entry_purple_smoke, uniq_pikel
D:5:      layout_gridville, ebering_ghost_gozag, uniq_eustachio
D:6:      minmay_diamond_boxcup, layout_loops_ring, minmay_misc_feat_columns
D:7:      layout_rooms, enter_bailey_4, minivault_25, minmay_misc_feat_roman,
          minmay_quadrilaterals
D:8:      layout_cave_pools, nicolae_looking_at_the_future, uniq_psyche,
          uniq_prince_ribbit1
D:9:      layout_loops_ring, centaur_isle, uniq_amaemon, uniq_maggie
D:10:     layout_rooms, mainiacjoe_overflow_concentric_impassable, minivault_28
D:11:     layout_loops_corners, david_lair_shrubbed
D:12:     layout_grid_maze, hiddenorc2_lemuel, uniq_azrael
Temple:   hellmonk_temple_of_storms
Orc:1:    lemuel_ogre_cave, layout_caves, serial_shops, nicolae_shop_drivethru,
          uniq_jorgrun

Skill      XL: |  1  2  3  4  5  6  7  8  9 10 11 12 |
---------------+-------------------------------------+-----
Axes           | 4 5 7 9 11 12 14 15 | 15.2
Fighting       | 4 5 6 7 8 9 10 11 | 11.2
Armour         | 1 2 4 5 7 8 9 10 | 10.5
Dodging        | 4 5 6 7 8 9 10 | 10.2
Shields        | 2 4 6 7 8 |  8.7

Action                     |  1- 3 |  4- 6 |  7- 9 | 10-12 || total
---------------------------+-------+-------+-------+-------++-------
  Melee: Hand axe          |    65 |    73 |   359 |    29 ||   526
         Headbutt          |    11 |    19 |    90 |    80 ||   200
         Broad axe         |       |       |       |   411 ||   411
    Use: Scroll            |       |       |     8 |     8 ||    16
         Potion            |       |       |     1 |     3 ||     4
 Armour: Robe              |    12 |       |       |       ||    12
         Scale mail        |    12 |    50 |   235 |       ||   297
         Fire dragon scale |       |       |    17 |   213 ||   230
         Plate armour      |       |       |       |    34 ||    34
  Dodge: Dodged            |    32 |    50 |   194 |   115 ||   391
  Block: Orb               |       |       |     8 |       ||     8
         Kite shield       |       |       |   241 |   312 ||   553
         Tower shield      |       |       |       |    47 ||    47

Table legend: (Time is in decaauts)
 A = Elapsed time spent in this place.
 B = Non-inter-level travel time spent in this place.
 C = Inter-level travel time spent in this place.
 D = Time resting spent in this place.
 E = Time spent auto-exploring this place.
 F = Levels seen in this place.
 G = Mean time per level.
                   A        B        C        D        E       F      G
               +--------+--------+--------+--------+--------+-----+--------+
         Total |  12293 |  11492 |    801 |    672 |   8483 |  15 |  819.5 |
       Dungeon |  10973 |  10187 |    786 |    225 |   8034 |  12 |  914.4 |
        Temple |     27 |     12 |     15 |      0 |      0 |   1 |   27.0 |
  Orcish Mines |     58 |     58 |      0 |      0 |      0 |   1 |   58.0 |
        Bailey |   1233 |   1233 |      0 |    447 |    449 |   1 | 1233.0 |
               +--------+--------+--------+--------+--------+-----+--------+

Top non-repeatable levels by time:
     D:4: 1337 daAuts
     D:9: 1273 daAuts
    D:11: 1261 daAuts
  Bailey: 1233 daAuts
     D:2: 1172 daAuts
     D:6: 1034 daAuts
    D:12: 1008 daAuts
     D:5: 912 daAuts
     D:1: 870 daAuts
    D:10: 565 daAuts
     D:7: 553 daAuts
     D:8: 534 daAuts
     D:3: 447 daAuts
   Orc:1: 58 daAuts
  Temple: 27 daAuts
